 Dungeon Crawl Stone Soup version 0.31-a0-237-g2d982f9f85 (webtiles) character file.

Game seed: 8903963024057548451

98 qw the Shooter (level 4, -3/26 HPs)
             Began as a Gargoyle Hexslinger on July 11, 2023.
             Slain by a cerulean imp
             ... wielding a +0 spear
             ... summoned by Natasha
              (5 damage)
             ... on level 2 of the Dungeon.
             The game lasted 00:00:34 (1186 turns).

qw the Shooter (Gargoyle Hexslinger)                Turns: 1186, Time: 00:00:35

Health: -3/26      AC:  5    Str: 12    XL:     4   Next: 71%
Magic:  5/5        EV: 12    Int: 13    God:
Gold:   67         SH:  0    Dex: 14    Spells: 4/5 levels left

rFire   . . .        Y - +1 sling
rCold   . . .        (no shield)
rNeg    + . .        c - +0 robe
rPois   inf          (no helmet)
rElec   +            (no cloak)
rCorr   .            (no gloves)
SInv    .            (no boots)
Will    .....        (no amulet)
Stlth   +            (no ring)
HPRegen 0.24/turn    (no ring)
MPRegen 0.09/turn

%: no passive effects
@: no status effects
A: sickness immunity, AC +3, negative energy resistance 1, electricity
resistance, torment resistance 1, petrification resistance
a: no special abilities


You were on level 2 of the Dungeon.
You visited 1 branch of the dungeon, and saw 2 of its levels.

You collected 67 gold pieces.


Innate Abilities, Weirdness & Mutations

You are immune to sickness and miasma.
Your stone body is resilient. (AC +3)
You are immune to poison.
You resist negative energy. (rN+)
You are resistant to electric shocks. (rElec)
You are resistant to unholy torment.
You are immune to petrification.


   Skills:
 - Level 2.0 Fighting
 + Level 4.4 Ranged Weapons
 - Level 1.5 Dodging
 - Level 1.0 Spellcasting
 - Level 2.6 Hexes


You had 4 spell levels left.
You knew the following spells:

 Your Spells              Type           Power      Damage    Failure   Level
a - Slow                  Hex            28%        N/A       10%         1

Your spell library contained the following spells:

 Spells                   Type           Power      Damage    Failure   Level
 Inner Flame              Hex/Fire       4%         N/A       43%         3
 Portal Projectile        Hex/Tloc       8%         N/A       43%         3
 Cause Fear               Hex            3%         N/A       67%         4

Inventory:

Hand Weapons
 Y - a +1 sling (weapon)
Armour
 c - a +0 robe (worn)
 i - a +0 leather armour
Scrolls
 b - 4 scrolls of fear {unknown}
 d - a scroll of teleportation
 h - 2 scrolls of identify
Potions
 a - a potion of degeneration {unknown}
 e - a potion of heal wounds {unknown}
 f - a potion of curing {unknown}
 g - a potion of haste {unknown}
 j - a potion of cancellation {unknown}
 k - a potion of lignification {unknown}

Dungeon Overview and Level Annotations

Branches:
Dungeon (2/15)

Altars:

Annotations:
D:2 Natasha


Message History

You shoot a sling bullet. The sling bullet barely misses Natasha.
Natasha stares at you and mumbles some strange words.
The magic dart hits you.
You shoot a sling bullet.
The sling bullet closely misses Natasha.
Natasha mumbles some strange words.
You shoot a sling bullet.
The sling bullet hits Natasha but does no damage.
Natasha misses you.
The cerulean imp hits you from afar with a +0 spear.
You shoot a sling bullet. The sling bullet barely misses Natasha.
The sling bullet barely misses the cerulean imp.
Natasha claws you.
The cerulean imp hits you from afar with a +0 spear.
You shoot a sling bullet. The sling bullet hits Natasha.
Natasha is lightly wounded.
Natasha misses you. The cerulean imp closely misses you.
Natasha closely misses you.
You shoot a sling bullet. The sling bullet barely misses Natasha.
The sling bullet closely misses the cerulean imp.
The cerulean imp hits you from afar with a +0 spear.
Natasha casts a spell at you. You resist with some effort.
You shoot a sling bullet. The sling bullet barely misses Natasha.
The sling bullet barely misses the cerulean imp.
The cerulean imp misses you. Natasha casts a spell at you.
The magic dart hits you.
The cerulean imp hits you but does no damage.
You shoot a sling bullet. The sling bullet misses Natasha.
The sling bullet closely misses the cerulean imp.
Natasha claws you but does no damage.
The cerulean imp hits you from afar with a +0 spear.
You shoot a sling bullet. The sling bullet barely misses Natasha.
The sling bullet hits the cerulean imp.
The cerulean imp is moderately wounded.
Natasha casts a spell at you. The magic dart hits you.
The cerulean imp hits you from afar with a +0 spear.
You die...

>........# #.# ...# #.#..#.# #
..####.#># #.# ..####.#..#.# #
#.#.###.###..#.........###
#............#.##.........
....).............#.###..####.
............##...###.....# #.
..#.##########.#<.#)####.# #.
.... #....#.# #.# ## #..
#@#..# # #.# .. .....rh.#....#
#.## .....5#####..# #.<#
...... .## ##.# #.... # #.#
..#.# #.# # # .. #.# # .. #.#
## #.###.


You could see Natasha, a cerulean imp (summoned) and a rat.

Vanquished Creatures
  Natasha (twice) (D:2)
  An adder (D:2)
  2 dart slugs (D:2)
  5 bats
  2 endoplasms
  2 giant cockroaches (D:1)
  3 goblins
  4 hobgoblins (D:1)
  A quokka (D:2)
  5 ball pythons
  3 frilled lizards (D:1)
  3 kobolds (D:1)
  3 rats (D:1)
36 creatures vanquished.

Notes
Turn   | Place    | Note
-------+----------+-------------------------------------------
     0 | D:1      | qw the Gargoyle Hexslinger began the quest for the Orb.
     0 | D:1      | Reached XP level 1. HP: 12/12 MP: 2/2
     0 | D:1      | 0 ||| qw: Version: 0.3-a-52-g30416fa
     0 | D:1      | 0 ||| qw: Game counter: 5428
     0 | D:1      | 0 ||| qw: Melee chars always use a shield: true
     0 | D:1      | 0 ||| qw: God list: Okawaru
     0 | D:1      | 0 ||| qw: Allow faded altars: false
     0 | D:1      | 0 ||| qw: Do Orc after clearing Dungeon:15 true
     0 | D:1      | 0 ||| qw: Do second Lair branch before Depths: true
     0 | D:1      | 0 ||| qw: Lair rune preference: random
     0 | D:1      | 0 ||| qw: Goals: Normal
     0 | D:1      | 0 ||| PLANNING D:1-11
    99 | D:1      | Reached XP level 2. HP: 16/16 MP: 3/3
   253 | D:1      | Reached skill level 3 in Ranged Weapons
   349 | D:1      | 349 ||| FLEEEEING.
   350 | D:1      | 350 ||| FLEEEEING.
   351 | D:1      | 351 ||| FLEEEEING.
   352 | D:1      | 352 ||| FLEEEEING.
   353 | D:1      | 353 ||| FLEEEEING.
   354 | D:1      | 354 ||| FLEEEEING.
   355 | D:1      | 355 ||| FLEEEEING.
   356 | D:1      | 356 ||| FLEEEEING.
   357 | D:1      | 357 ||| FLEEEEING.
   391 | D:1      | Reached XP level 3. HP: 21/21 MP: 4/4
   617 | D:1      | 617 ||| READING scroll labelled UFAIFR FAJA.
   618 | D:1      | 618 ||| READING scroll labelled VYUCIPL VEGONN.
   621 | D:1      | 621 ||| READING scroll labelled JEJIC NITO.
   622 | D:1      | 622 ||| READING scroll labelled TUUTAPP KIRI.
   623 | D:1      | 623 ||| DROPPING scroll of poison.
   673 | D:2      | 673 ||| STAIRDANCE
   765 | D:2      | Noticed Natasha
   773 | D:2      | Killed Natasha
   774 | D:2      | Reached XP level 4. HP: 14/26 MP: 5/5
   792 | D:2      | Noticed Natasha
   803 | D:2      | Killed Natasha
   804 | D:2      | Reached skill level 4 in Ranged Weapons
  1176 | D:2      | Noticed Natasha
  1186 | D:2      | HP: 2/26 [Natasha/magic dart (6)]
  1186 | D:2      | Slain by a cerulean imp

Levels and vault maps discovered:
D:1:      heliophobic_arrival_glass_houses, layout_basic
D:2:      layout_loops_ring, hangedman_decor_lopped,
          nicolae_kite_square_tiling_tiny, minmay_misc_feat_alley, uniq_natasha,
          uniq_terence

Skill      XL: |  1  2  3  4 |
---------------+-------------+-----
Ranged Weapons | 3 4 |  4.4
Fighting       | 2 |  2.0
Dodging        | |  1.5
Spellcasting   | |  1.0
Hexes          | |  2.6

Action                     |  1- 3 |  4- 6 || total
---------------------------+-------+-------++-------
   Fire: Sling             |    94 |    40 ||   134
    Use: Scroll            |     4 |       ||     4
 Armour: Robe              |    13 |     3 ||    16
  Dodge: Dodged            |    35 |    14 ||    49

Table legend:
 A = Non-vault XP
 B = Vault XP
 C = Vault XP percentage of total XP
 D = Non-vault monster count
 E = Vault monster count
 F = Vault count percentage of total count
                 A         B        C        D         E       F
            +---------+---------+-------+---------+---------+-------
      Total |     106 |      35 |  24.8 |      35 |       1 |   2.8
            +---------+---------+-------+---------+---------+-------
        D:1 |      39 |       0 |   0.0 |      25 |       0 |   0.0
        D:2 |      67 |      35 |  34.3 |      10 |       1 |   9.1
            +---------+---------+-------+---------+---------+-------
